Map: Glittering Ashes LE

Players

SnarkyGoblin

  • Race: Protoss Protoss
  • Spawn Location: 7:00

Warthog - Winner!

  • Race: Terran Terran
  • League: Gold
  • Spawn Location: 1:00

VOD

Have the link to the VOD?

Description

Time

  • Played on: Nov. 2, 2021, 6:13 p.m.
  • Length: 8:31
Show
View Real Time Build Order
Export as new Build Order

SnarkyGoblin Protoss 

Build Orders:  

Get SALT Encoding   

  12  0:03  Probe  
  13  0:15  Probe  
  13  0:19  Pylon  
  14  0:28  Probe  
  15  0:40  Probe (Chrono Boost)  
  16  0:44  Pylon  
  16  0:52  Probe (Chrono Boost)  
  17  0:58  Probe (Chrono Boost)  
  18  1:04  Gateway  
  18  1:06  Gateway  
  18  1:08  Probe  
  19  1:15  Assimilator  
  19  1:19  Assimilator  
  19  1:21  Probe (Chrono Boost)  
  20  1:32  Probe (Chrono Boost)  
  21  1:36  Probe (Chrono Boost)  
  22  1:47  Probe  
  22  1:50  Pylon  
  23  1:55  Zealot x2  
  27  2:06  Pylon  
  27  2:09  Cybernetics Core  
  27  2:28  Probe  
  28  2:33  Gateway  
  28  2:37  Gateway  
  28  2:41  Probe  
  28  2:42  Warp Gate (Chrono Boost)  
  29  2:54  Stalker  
  31  3:08  Pylon  
  31  3:12  Stalker  
  33  3:21  Stalker  
  33  3:24  Stalker  
  37  3:37  Stalker  
  39  3:49  Twilight Council  
  41  4:22  Pylon  
  39  4:24  Stalker x2  
  39  4:25  Stalker  
  39  4:28  Stalker  
  41  4:53  Stalker  
  41  4:54  Stalker x3  
  45  5:15  Pylon  
  43  5:21  Stalker x4  
  51  5:40  Nexus  
  51  5:47  Shield Battery  
  51  5:53  Shield Battery  
  51  6:00  Shield Battery  
  24  6:31  Stalker x3  
  30  6:37  Zealot  
  32  6:46  Charge (Chrono Boost)  
  24  6:57  Zealot x3  
  24  6:58  Zealot  
  32  7:14  Gateway  
  32  7:18  Zealot x2  
  36  7:26  Pylon  
  36  7:44  Zealot  
  36  7:45  Zealot  
  36  7:50  Probe  
  41  7:52  Probe  
  42  8:02  Probe  
  37  8:10  Zealot  
  37  8:11  Zealot  
  31  8:18  Zealot  
Show
View Real Time Build Order
Export as new Build Order

Warthog Terran - Winner!

Build Orders:  

Get SALT Encoding   

  12  0:00  SCV  
  13  0:12  SCV  
  14  0:17  Supply Depot  
  14  0:24  SCV  
  15  0:38  SCV  
  15  0:40  Barracks  
  16  0:43  Refinery  
  16  0:52  SCV  
  17  1:04  SCV  
  18  1:16  SCV  
  19  1:28  Barracks Reactor  
  19  1:29  Orbital Command  
  19  1:47  Command Center  
  19  1:59  Bunker  
  19  2:04  SCV, Marine x2  
  22  2:18  Supply Depot, SCV  
  23  2:40  SCV, Marine x2  
  26  2:44  Supply Depot  
  26  2:54  SCV  
  26  2:57  Marine x2  
  29  3:02  Orbital Command  
  29  3:08  Barracks  
  29  3:09  Barracks  
  29  3:11  SCV  
  30  3:16  Refinery, Marine  
  31  3:20  Marine  
  31  3:26  SCV  
  33  3:29  SCV  
  34  3:34  Marine  
  34  3:38  Marine  
  36  3:52  Marine  
  37  3:55  Marine  
  37  3:56  Barracks Tech Lab x2  
  37  3:58  Factory  
  37  4:00  SCV x2  
  40  4:04  Engineering Bay  
  40  4:10  Marine  
  40  4:12  SCV  
  40  4:13  Marine  
  40  4:14  SCV  
  40  4:16  Marine x2  
  46  4:23  Stimpack, Combat Shield  
  46  4:24  SCV  
  46  4:28  Marine  
  48  4:31  Marine  
  48  4:34  Marauder, Marine  
  51  4:42  Terran Infantry Weapons Level 1  
  51  4:43  Starport  
  51  4:44  Factory Reactor  
  48  4:58  Marauder x2, Marine x2  
  54  5:09  Supply Depot  
  54  5:11  Supply Depot  
  54  5:12  SCV  
  51  5:16  Marine  
  51  5:19  Marauder  
  51  5:29  Factory Tech Lab  
  51  5:30  Marine  
  51  5:31  Marauder  
  51  5:32  Medivac  
  51  5:33  Medivac  
  58  5:38  Supply Depot  
  58  5:41  Marauder, Marine  
  61  5:48  Marine  
  62  5:50  Supply Depot  
  62  5:52  Marine  
  62  5:54  Concussive Shells  
  63  6:13  Marine  
  63  6:14  Marauder, Marine  
  63  6:15  Siege Tank  
  63  6:16  Marauder  
  62  6:29  Orbital Command  
  62  6:31  Marine x2  
  64  6:35  Marauder  
  64  6:37  Marine  
  65  6:53  Marine  
  66  6:55  Marauder  
  66  6:58  Marauder, Marine  
  71  7:03  SCV x2  
  71  7:04  Refinery x2, Siege Tank  
  76  7:11  Marine  
  76  7:14  Supply Depot  
  76  7:15  Supply Depot, SCV x2  
  79  7:16  Marine  
  80  7:33  Medivac, Marauder, Marine  
  80  7:34  Medivac  
  87  7:39  Supply Depot  
  87  7:40  Supply Depot  
  82  8:13  Marine x2  
Tags
 
Add a new tag
Caveats
  • Supply blocks, unpowered buildings, or Contaminate may cause inaccurate times.
  • Supply counts are checked every 10 seconds.